AoeStats
← TM Caesar

Arena

508074401Analyzed
1v1 RM · 13d ago on Sep 20, 2026· 54m 49s· 2 players
Game mode
Random Map
Map size
Tiny (2 player)
Population
200
Speed
Normal
Resources
Standard
Victory
Conquest
Starting age
Dark Age
Ending age
Imperial Age
RankedLock teamsTeams togetherTeam positionsShared explorationLock speedFull tech treeHidden civsTurbo modeCheats
Victory
Defeat
🇦🇷 Mapuche · Argentina
1627
+14
🇮🇹 Goths · Italy
1584
-14
Retentio
6:31 Loom
9:16 Feudal Age
12:56 Fletching
15:25 Wheelbarrow
16:11 Double-Bit Axe
22:19 Castle Age
20:02 Horse Collar
22:07 Padded Archer Armor
23:00 Bodkin Arrow
22:30 Crossbowman
26:23 Scale Mail Armor
26:38 Heavy Plow
28:57 Bow Saw
30:08 Gold Mining
33:53 Imperial Age
32:10 Squires
34:51 Chain Mail Armor
35:01 Conscription
35:45 Chemistry
35:53 Anarchy
36:36 Forging
37:25 Elite Huskarl
39:21 Anarchy
40:16 Iron Casting
39:40 Town Watch
43:33 Blast Furnace
49:03 Perfusion
54:20 Ballistics
TM Caesar
10:28 Feudal Age
11:35 Double-Bit Axe
12:08 Loom
14:35 Fletching
17:47 Castle Age
15:36 Horse Collar
18:26 Bodkin Arrow
18:47 Bow Saw
29:18 Wheelbarrow
32:07 Imperial Age
30:25 Gold Mining
31:31 Malon
32:49 Padded Archer Armor
33:00 Town Watch
35:25 Leather Archer Armor
36:29 Hand Cart
36:41 Ballistics
37:30 Conscription
37:39 Scale Mail Armor
37:14 Champi Runner
38:37 Chain Mail Armor
39:54 Plate Mail Armor
39:07 Champi Warrior
40:49 Ring Archer Armor
40:46 Forging
41:20 Elite Champi Warrior
43:33 Iron Casting
43:13 Masonry
44:50 Chemistry
47:54 Blast Furnace
49:31 Arson
49:38 Elite Skirmisher
51:02 Hoardings
50:59 Architecture
51:16 Siege Engineers
51:13 Murder Holes
51:23 Sappers
Connection lost

Rejoining the realm…

Still unreachable

The connection could not be restored.

Session expired

The server has moved on; the page needs a fresh start.